 Dungeon Crawl Stone Soup version 0.29.0-11-gd7f09526c8 (webtiles) character file.

Game seed: 6317827329905867969

210 Ordine the Slasher (level 5, -2/33 (34) HPs)
             Began as a Tengu Monk on Sept 3, 2022.
             Killed by nerve-wracking pain
             ... invoked by an orc priest
              (10 damage)
             ... on level 4 of the Dungeon.
             The game lasted 00:07:13 (4785 turns).

Ordine the Slasher (Tengu Monk)                     Turns: 4785, Time: 00:07:13

HP:   -2/33 (34)    AC:  2    Str: 11    XL:     5   Next: 87%
MP:   6/6           EV: 16    Int: 10    God:
Gold: 193           SH:  0    Dex: 19    Spells: 4/4 levels left

rFire   . . .      SeeInvis .   a - +0 falchion
rCold   . . .      Faith    .   (no shield)
rNeg    . . .      Spirit   .   b - +0 robe
rPois   .          Reflect  .   (helmet restricted)
rElec   .          Harm     .   (no cloak)
rCorr   .          Rampage  .   (no gloves)
Will    .....                   (boots unavailable)
Stlth   +.........              (no amulet)
HPRegen 0.11/turn               (no ring)
MPRegen 0.10/turn               (no ring)

@: confused, ambrosia-drunk, flying quickly and evasively, lightly drained,
quick
A: beak, talons 3, nimble flight
a: no special abilities


You were on level 4 of the Dungeon.
You visited 1 branch of the dungeon, and saw 4 of its levels.

You collected 303 gold pieces.
You spent 110 gold pieces at shops.

Inventory:

Hand Weapons
 a - a +0 falchion (weapon)
Armour
 b - a +0 robe (worn)
Scrolls
 d - a scroll of brand weapon
 f - a scroll of summoning
 g - 3 scrolls of enchant armour
 h - 3 scrolls of teleportation
 i - 2 scrolls of magic mapping
 n - 2 scrolls of immolation
Potions
 e - a potion of attraction
 j - a potion of cancellation {unknown}
 k - a potion of brilliance {unknown}
 l - 2 potions of heal wounds {unknown}
 m - 2 potions of curing {unknown}


   Skills:
 + Level 4.3 Fighting
 * Level 6.0 Long Blades
 - Level 3.2 Dodging
 - Level 2.0 Stealth


You had 4 spell levels left.
You didn't know any spells.
Your spell library contained the following spells:

 Spells                   Type           Power      Damage    Failure   Level
 Beastly Appendage        Tmut           0%         N/A       36%         1
 Magic Dart               Conj           0%         1d3       36%         1
 Call Imp                 Summ           0%         N/A       50%         2
 Wereblood                Tmut           0%         N/A       50%         2
 Mephitic Cloud           Conj/Pois/Air  0%         N/A       75%         3
 Spider Form              Tmut/Pois      0%         N/A       75%         3


Dungeon Overview and Level Annotations

Branches:
Dungeon (4/15)
 Temple: D:4-7

Altars:
Wu Jian

Shops:
D:1 :?


Innate Abilities, Weirdness & Mutations

You have a beak for a mouth.
You have claws for feet.
Your magical nature lets you fly swiftly and evasively.


Message History

The orc barely misses you.
You hit the scorpion.
You kill the scorpion!
The orc closely misses you.
Your Long Blades skill increases to level 6!
You hit the orc.
The orc is heavily wounded.
The orc closely misses you.
You completely miss the orc.
The orc is heavily wounded.
The orc hits you with a +1 short sword of draining.
You feel drained.
You hit the orc.
You kill the orc!
No target in view!
No target in view!
You see here a scorpion corpse.
You now have 193 gold pieces (gained 19).
Things that are here:
a +1 short sword of draining; a +0 chain mail; an orc corpse An orc comes into view.
It is wielding a +0 whip.
An orc priest comes into view. It is wielding a +0 hand axe.
The orc priest shouts!
The orc shouts!
You hear a shout!
You hear an angry hiss.
A ball python comes into view.
The orc priest mumbles some strange prayers to Beogh against you.
Beogh smites you!
You hear a shout! x2
You are confused.
You feel invigorated.
You slash the orc!
You kill the orc!
The orc priest invokes the aid of Beogh against you.
Beogh smites you!
* * * LOW HITPOINT WARNING * * *
An orc comes into view. It is wielding a +0 hand axe.
An orc comes into view. It is wielding a +0 dagger.
The orc priest calls down the wrath of Beogh upon you.
Pain shoots through your body!
You die... oo...

... ... .S. #o#
#.#######
#)#......
##.#.......
######.@..###...
..............#
######.†).#####
##.#.......
#.######## #.#
#.# #.# #.#


You could see an orc priest and a ball python.

Vanquished Creatures
  A scorpion (D:4)
  7 adders
  An ufetubus (D:3)
  3 worms
  A dart slug (D:3)
  3 orcs
  12 ball pythons
  2 bats
  6 endoplasms
  3 giant cockroaches
  7 goblins
  8 hobgoblins
  A jackal (D:3)
  2 frilled lizards
  10 kobolds
  3 rats (D:1)
  A bush (D:3)
71 creatures vanquished.

Vanquished Creatures (others)
  5 plants (D:3)
5 creatures vanquished.

Grand Total: 76 creatures vanquished

Notes
Turn   | Place    | Note
-------+----------+-------------------------------------------
     0 | D:1      | Ordine the Tengu Monk began the quest for the Orb.
     0 | D:1      | Reached XP level 1. HP: 14/14 MP: 2/2
   577 | D:1      | Reached XP level 2. HP: 19/19 MP: 3/3
   592 | D:1      | Found Ipli's Magic Scroll Shoppe.
   601 | D:1      | Bought a scroll of identify for 22 gold pieces
   603 | D:1      | Bought a scroll of noise for 11 gold pieces
   681 | D:1      | Found Neogoex's Book Shop.
  1215 | D:1      | Bought a scroll of teleportation for 33 gold pieces
  1297 | D:2      | Reached skill level 4 in Long Blades
  1297 | D:2      | Reached XP level 3. HP: 16/23 MP: 4/4
  1892 | D:2      | Reached XP level 4. HP: 18/28 MP: 5/5
  2332 | D:1      | Bought a scroll of immolation for 44 gold pieces
  2443 | D:3      | Reached skill level 5 in Long Blades
  2590 | D:3      | Found a faded altar of an unknown god.
  2649 | D:3      | Found an ornate altar of the Wu Jian Council.
  3537 | D:3      | Gained mutation: Your magical nature lets you fly swiftly
                  | and evasively. [Tengu growth]
  3537 | D:3      | Reached XP level 5. HP: 7/33 MP: 6/6
  4771 | D:4      | Reached skill level 6 in Long Blades
  4785 | D:4      | Killed from afar by an orc priest

Illustrated notes

Levels and vault maps discovered:
D:1:      scummos_arrival_gate, layout_loops_ring, serial_shops,
          nicolae_square_shop, nicolae_shop_stone
D:2:      layout_basic
D:3:      minmay_chambers_of_twos, layout_basic, nzn_wu_jian_council_hall,
          serial_forest, infiniplex_forest_pool, infiniplex_forest_clump_curved,
          infiniplex_forest_straight_2, infiniplex_forest_end_3,
          infiniplex_forest_zigzag_2, infiniplex_forest_clump_small,
          shapermc_ecumenical_altar_totnotflames, minmay_misc_feat_tower
D:4:      layout_loops_corners

Skill      XL: |  1  2  3  4  5 |
---------------+----------------+-----
Long Blades    | 4 5 6 |  6.0
Fighting       | 4 |  4.3
Dodging        | |  3.2
Stealth        | |  2.0

Action                   |  1- 3 |  4- 6 || total
-------------------------+-------+-------++-------
Melee: Falchion          |    71 |   185 ||   256
       Kick              |    12 |    68 ||    80
       Peck              |     4 |    40 ||    44
       Punch             |       |     3 ||     3
  Use: Scroll            |     3 |     2 ||     5
       Potion            |       |     1 ||     1
 Stab: Sleeping          |     4 |     7 ||    11
Armor: Robe              |     5 |    10 ||    15
Dodge: Dodged            |    53 |    68 ||   121
